 Dungeon Crawl Stone Soup version 0.17.0 (webtiles) character file.

186 KINGKRU the Skirmisher (level 5, -4/47 HPs)
             Began as a Hill Orc Fighter on Nov 12, 2015.
             Slain by an iron imp (5 damage)
             ... summoned by Natasha
             ... on level 3 of the Dungeon.
             The game lasted 00:14:26 (2716 turns).

KINGKRU the Skirmisher (Hill Orc Fighter)           Turns: 2716, Time: 00:14:26

Health: -4/47      AC: 10    Str: 20    XL:     5   Next: 65%
Magic:  5/5        EV: 10    Int:  8    God:
Gold:   129        SH:  0    Dex: 10    Spells: 0 memorised, 4 levels left

rFire  . . .     SeeInvis .     g - +0 falchion
rCold  + . .     Clarity  .     b - +0 scale mail
rNeg   . . .     SustAt   .     (no shield)
rPois  .         Gourm    .     u - +1 helmet
rElec  .         Spirit   .     (no cloak)
rCorr  .         Warding  .     (no gloves)
rMut   .         Stasis   .     q - +0 pair of boots
MR     .....                    (no amulet)
Stlth  ..........               (no ring)
                                s - ring of protection from cold

@: slowed, very slow, not resistant to hostile enchantments, extremely
unstealthy
A: no striking features
a: no special abilities


You were on level 3 of the Dungeon.
You were hungry.

You visited 1 branch of the dungeon, and saw 3 of its levels.

You collected 129 gold pieces.

Inventory:

Hand Weapons
 g - a +0 falchion (weapon)
Armour
 b - a +0 scale mail (worn)
 q - a +0 pair of boots (worn)
 u - a +1 helmet (worn)
Jewellery
 s - a ring of protection from cold (left hand)
Wands
 d - a wand of digging (7)
Scrolls
 c - a scroll of teleportation
 j - 2 scrolls of identify
 n - a scroll of magic mapping {unknown}
 t - a scroll of fear {unknown}
Potions
 e - a potion of brilliance {unknown}
 f - a potion of invisibility
 i - 2 potions of curing
 k - a potion of heal wounds {unknown}
 p - a potion of resistance {unknown}
 r - a potion of cancellation {unknown}
Comestibles
 h - a beef jerky
 l - 2 meat rations
 o - 3 fruits


   Skills:
 + Level 4.8 Fighting
 + Level 3.1 Long Blades
 + Level 4.7 Armour
 + Level 1.7 Dodging
 + Level 0.1 Stealth
   Level 3.2 Shields


You had 4 spell levels left.
You didn't know any spells.

Dungeon Overview and Level Annotations

Branches:
Dungeon (3/15)

Altars:

Annotations:
D:3 Natasha


Message History

Natasha barely misses you. The adder bites you.
The shadow imp hits you but does no damage.
You barely miss the adder.
The adder is heavily wounded.
You are feeling hungry.
The adder barely misses you. Natasha claws you.
* * * LOW HITPOINT WARNING * * *
The shadow imp hits you but does no damage.
The adder closely misses you. Natasha claws you.
* * * LOW HITPOINT WARNING * * *
The shadow imp barely misses you.
You miss the adder.
The adder is heavily wounded.
The adder closely misses you. Natasha claws you but does no damage.
The adder barely misses you. The shadow imp gestures at you.
Pain shoots through your body!
* * * LOW HITPOINT WARNING * * *
The iron imp hits you.
You die...

.#....... .
..... #......
# #. ...
#.#.....
....#.######
#..S5....#
#.#@#.##.#
######
#..5h....###
.....#
#...#......
.###.#
#.##.....#..##
...#.#
#........#..#
### .#.#.#
#####...)...#
##.######
.....#
#..)##.##
#........
##.###
#......#
##)######
##.####
##.##### #.#


You could see an iron imp, Natasha, an adder and a shadow imp.

Vanquished Creatures
  Ijyb (D:3)
  Natasha (D:3)
  Robin (D:3)
  5 adders
  3 worms
  3 giant geckos
  2 orcs (D:3)
  2 ball pythons
  6 bats
  7 giant cockroaches
  4 hobgoblins
  2 jackals (D:3)
  8 kobolds
  2 quokkas
  3 giant newts (D:1)
  18 goblins
  5 rats
73 creatures vanquished.

Notes
Turn   | Place    | Note
--------------------------------------------------------------
     0 | D:1      | KINGKRU the Hill Orc Fighter began the quest for the Orb.
     0 | D:1      | Reached XP level 1. HP: 19/19 MP: 1/1
   270 | D:1      | Reached XP level 2. HP: 25/27 MP: 2/2
   346 | D:1      | Reached skill level 4 in Fighting
   954 | D:2      | Reached XP level 3. HP: 31/33 MP: 3/3
  1150 | D:2      | Reached XP level 4. HP: 33/41 MP: 4/4
  1161 | D:2      | Reached skill level 1 in Dodging
  1862 | D:3      | Noticed Ijyb
  1889 | D:3      | Killed Ijyb
  1889 | D:3      | Reached XP level 5. HP: 41/47 MP: 5/5
  2102 | D:3      | Noticed Natasha
  2113 | D:3      | Killed Natasha
  2208 | D:3      | Noticed Robin
  2256 | D:3      | Killed Robin
  2702 | D:3      | Noticed Natasha
  2716 | D:3      | HP: 1/47 [shadow imp/nerve-wracking pain[Natasha] (7)]
  2716 | D:3      | Slain by an iron imp

Action                   |  1- 3 |  4- 6 || total
-------------------------+-------+-------++-------
Melee: Long sword        |   137 |   106 ||   243
       Falchion          |       |   106 ||   106
  Use: Scroll            |       |     6 ||     6
       Potion            |       |     1 ||     1
  Eat: Bread ration      |     1 |       ||     1
       Fruit             |       |     2 ||     2
